Map: [ESL] Ancient Cistern

Players

DisK

  • Race: Protoss Protoss
  • Spawn Location: 7:00

SpeCial - Winner!

  • Race: Terran Terran
  • Spawn Location: 1:00

Event: ESL SC2 Masters 2023 Summer (Regionals)

VOD

Have the link to the VOD?

Description

Time

  • Played on: May 6, 2023, 1:58 p.m.
  • Length: 10:46

All games in this series

Show
View Real Time Build Order
Export as new Build Order

DisK Protoss 

Build Orders: 1 Gate Expand, Blink Stalkers, Colossus Rush 

Get SALT Encoding   

  12  0:00  Probe  
  13  0:12  Probe  
  14  0:16  Pylon  
  14  0:24  Probe (Chrono Boost)  
  15  0:34  Gateway  
  15  0:36  Probe (Chrono Boost)  
  16  0:45  Probe (Chrono Boost), Assimilator  
  17  0:50  Probe  
  18  1:03  Probe  
  19  1:15  Probe  
  20  1:21  Cybernetics Core  
  20  1:26  Zealot  
  22  1:37  Nexus  
  22  1:44  Pylon  
  22  1:48  Probe  
  23  2:01  Adept (Chrono Boost), Assimilator  
  23  2:02  Warp Gate  
  23  2:05  Probe  
  25  2:17  Probe  
  26  2:24  Stalker  
  26  2:29  Probe  
  29  2:41  Probe (Chrono Boost), Twilight Council  
  32  2:51  Probe (Chrono Boost)  
  32  2:52  Probe (Chrono Boost)  
  33  2:59  Probe (Chrono Boost)  
  33  3:00  Probe (Chrono Boost)  
  33  3:01  Shield Battery  
  33  3:04  Probe (Chrono Boost)  
  34  3:08  Probe  
  34  3:11  Gateway  
  36  3:14  Blink (Chrono Boost)  
  36  3:15  Probe  
  37  3:20  Probe  
  38  3:27  Probe  
  38  3:31  Pylon  
  38  3:32  Probe  
  40  3:39  Probe  
  40  3:40  Robotics Facility  
  41  3:44  Probe  
  42  3:51  Stalker  
  42  3:53  Probe  
  45  3:56  Probe  
  45  3:58  Assimilator  
  45  4:00  Assimilator  
  46  4:05  Probe  
  47  4:11  Stalker  
  47  4:13  Probe  
  47  4:16  Pylon  
  50  4:17  Probe  
  50  4:21  Stalker  
  53  4:29  Probe  
  53  4:34  Immortal  
  53  4:36  Robotics Bay  
  56  4:38  Probe  
  56  4:41  Probe  
  56  4:42  Pylon  
  56  4:44  Stalker  
  56  4:53  Stalker  
  56  4:59  Pylon  
  59  5:07  Probe x2  
  60  5:21  Colossus (Chrono Boost)  
  66  5:30  Probe  
  66  5:31  Probe  
  68  5:38  Nexus  
  68  5:42  Shield Battery  
  68  5:43  Probe  
  68  5:45  Probe  
  70  5:56  Extended Thermal Lance  
  70  5:58  Forge  
  70  6:00  Charge  
  70  6:03  Probe x2  
  72  6:07  Templar Archives  
  72  6:13  Colossus (Chrono Boost)  
  74  6:31  Probe  
  72  6:33  Probe  
  72  6:36  Protoss Ground Weapons Level 1  
  73  6:43  Gateway  
  73  6:45  Gateway  
  73  6:47  Probe  
  73  6:48  Pylon  
  73  6:49  Sentry  
  73  6:53  Pylon  
  75  6:58  Probe x2  
  77  7:02  Pylon  
  77  7:03  Stalker  
  79  7:09  Probe  
  79  7:10  Probe x2  
  82  7:16  Colossus (Chrono Boost)  
  89  7:22  Probe  
  89  7:23  Probe x2  
  89  7:30  Stalker x2  
  85  7:40  Stalker x2  
  88  7:49  Probe x2  
  90  7:56  Stalker x2  
  90  7:57  Probe  
  95  8:01  Probe x2  
  95  8:03  Observer (Chrono Boost)  
  98  8:09  Probe  
  98  8:12  Gateway x2  
  99  8:13  Probe  
  99  8:16  Shield Battery  
  99  8:17  Probe  
  99  8:19  Zealot x4  
  103  8:28  Immortal  
  106  8:42  Protoss Ground Armor Level 1 (Chrono Boost), Pylon  
  106  8:43  Pylon x2  
  106  8:50  Zealot  
  98  9:02  Zealot x2  
  98  9:03  Zealot  
  98  9:06  Probe x3  
  98  9:08  Gateway  
  98  9:09  Pylon, Zealot x2  
  111  9:10  Gateway  
  103  9:23  Zealot  
  103  9:24  Zealot x3  
  93  9:29  Nexus  
  93  9:30  Disruptor (Chrono Boost)  
  93  9:31  High Templar x2  
  92  9:35  Archon  
  93  9:43  Shield Battery  
  93  9:50  Zealot, Stalker  
  93  9:51  Zealot x2  
  100  10:06  Zealot x2  
  104  10:13  Zealot, Stalker x2  
  110  10:18  Pylon  
  110  10:19  Pylon  
Show
View Real Time Build Order
Export as new Build Order

SpeCial Terran - Winner!

Build Orders: Cyclone Opening 

Get SALT Encoding   

  12  0:00  SCV  
  13  0:12  SCV  
  14  0:17  Supply Depot  
  14  0:24  SCV  
  15  0:38  SCV  
  15  0:40  Barracks  
  16  0:45  Refinery  
  16  0:50  SCV  
  16  0:53  Refinery  
  17  1:02  SCV  
  18  1:15  SCV  
  19  1:27  Orbital Command, Reaper  
  20  1:33  Supply Depot  
  20  1:48  Factory  
  20  1:53  SCV  
  21  2:00  Barracks Reactor  
  21  2:05  SCV  
  22  2:17  SCV  
  22  2:21  Command Center  
  23  2:29  SCV  
  24  2:32  Factory Tech Lab  
  24  2:34  Starport  
  24  2:39  Supply Depot  
  24  2:42  Marine  
  24  2:43  Marine  
  26  2:48  SCV  
  27  2:56  Cyclone  
  30  3:00  SCV  
  30  3:03  Marine  
  30  3:05  Marine  
  33  3:12  SCV  
  34  3:15  Liberator  
  37  3:22  Marine  
  37  3:23  Marine  
  39  3:32  SCV  
  40  3:34  Siege Tank  
  43  3:42  Orbital Command  
  43  3:44  Marine, SCV  
  43  3:46  Marine  
  46  3:52  Supply Depot  
  46  3:57  SCV  
  46  4:01  Medivac  
  49  4:09  SCV  
  51  4:10  SCV  
  51  4:15  Siege Tank  
  54  4:17  Marine x2  
  54  4:21  SCV  
  54  4:22  Supply Depot  
  57  4:27  SCV  
  58  4:33  SCV  
  58  4:34  Starport Tech Lab  
  58  4:35  Marine x2  
  60  4:38  Supply Depot  
  60  4:41  SCV  
  60  4:45  SCV  
  62  4:53  Raven, Marine x2, SCV  
  62  4:57  SCV  
  68  5:05  SCV  
  69  5:09  SCV  
  69  5:11  Marine x2  
  69  5:12  Barracks, Siege Tank  
  75  5:15  Barracks  
  75  5:18  SCV  
  72  5:21  SCV  
  72  5:25  Refinery  
  72  5:26  Engineering Bay  
  73  5:29  Marine x2  
  73  5:30  SCV, Supply Depot  
  73  5:33  SCV  
  77  5:36  Starport Reactor  
  77  5:41  Supply Depot  
  77  5:42  SCV  
  78  5:51  Marine x2, SCV  
  78  5:53  Terran Infantry Weapons Level 1, Refinery  
  78  5:54  SCV  
  78  5:55  Factory Reactor  
  82  6:04  SCV  
  82  6:05  Supply Depot  
  82  6:06  SCV  
  82  6:07  Supply Depot  
  82  6:08  Marine  
  82  6:09  Marine x3  
  88  6:15  Stimpack, Command Center  
  88  6:26  Marine  
  88  6:27  Marine x2  
  88  6:32  Medivac x2  
  89  6:33  Widow Mine x2  
  89  6:37  Supply Depot  
  93  6:40  Marauder  
  93  6:44  Marine x2  
  93  6:46  Combat Shield  
  97  6:47  SCV x2  
  99  6:55  Widow Mine x2  
  105  7:01  Marauder x2  
  105  7:02  Marine x2, Medivac  
  111  7:09  SCV x2  
  111  7:12  Barracks  
  111  7:13  Barracks, Medivac  
  115  7:20  Marine x2  
  118  7:22  Marauder  
  118  7:26  SCV  
  118  7:27  Widow Mine x2, Marauder  
  123  7:33  SCV  
  122  7:38  Marine x2, SCV  
  125  7:44  Marauder  
  125  7:45  SCV  
  125  7:48  Marauder  
  125  7:50  SCV, Terran Infantry Armor Level 1  
  126  7:56  Marine x2  
  126  7:57  SCV  
  129  8:02  Barracks Reactor, Barracks Tech Lab  
  129  8:03  SCV  
  129  8:04  Concussive Shells  
  130  8:05  Orbital Command  
  134  8:13  Marauder x2, Viking, Marine x2  
  134  8:15  Viking  
  140  8:25  Widow Mine x2  
  140  8:31  Marine  
  140  8:32  Marine  
  140  8:33  Marine  
  141  8:37  Supply Depot  
  141  8:38  Supply Depot  
  141  8:48  Marine, SCV  
  141  8:55  Marine x3  
  141  8:56  Supply Depot  
  141  8:59  Marine, Viking x2, Marauder, SCV  
  141  9:00  SCV, Marauder  
  141  9:02  SCV  
  149  9:06  Marine, Supply Depot x2  
  149  9:08  Widow Mine  
  152  9:11  SCV  
  152  9:12  Widow Mine  
  152  9:13  Marine  
  149  9:18  Marine  
  149  9:19  SCV  
  149  9:20  Marine  
  149  9:21  Marauder  
  149  9:23  Marine  
  149  9:24  Marine  
  138  9:25  Marauder  
  138  9:27  SCV x2  
  142  9:32  Marine  
  143  9:39  Marauder  
  143  9:41  Viking, Supply Depot  
  143  9:43  Viking  
  149  9:46  Marauder  
  149  9:49  Marauder, Marine  
  154  9:57  Marine  
  155  10:00  Marauder  
  155  10:05  Marine x2  
  159  10:07  Widow Mine x2  
  159  10:08  Marauder  
  159  10:12  Marine, Marauder  
  159  10:14  Supply Depot  
  168  10:15  Marine  
  168  10:17  Armory  
  168  10:18  Engineering Bay  
Tags
 
Add a new tag
Caveats
  • Supply blocks, unpowered buildings, or Contaminate may cause inaccurate times.
  • Supply counts are checked every 10 seconds.